 Dungeon Crawl Stone Soup version 0.26-a0-834-g69557b85cc (webtiles) character file.

Game seed: 7109179435411222569

580 dickylongcocking the Sneak (level 7, 0/50 HPs)
             Began as an Octopode Delver on Nov 17, 2020.
             Was an Initiate of Makhleb.
             Succumbed to an adder's poison
             ... on level 4 of the Dungeon.
             The game lasted 00:04:07 (4441 turns).

dickylongcocking the Sneak (Octopode Delver)        Turns: 4441, Time: 00:04:08

Health: 0/50       AC:  1    Str: 12      XL:     7   Next: 36%
Magic:  9/16       EV: 13    Int: 13 (14) God:    Makhleb [......]
Gold:   196        SH:  0    Dex: 12 (13) Spells: 6/6 levels left

rFire    . . .     SeeInvis .     - Unarmed
rCold    . . .     Faith    .   (no shield)
rNeg     . . .     Spirit   +   (helmet restricted)
rPois    .         Reflect  .   l - amulet of guardian spirit
rElec    .         Harm     .   h - ring of magical power
rCorr    .         Rampage  .   (no ring)
MR       .....                  (no ring)
Stlth    ++++......             (no ring)
HPRegen  0.16/turn              (no ring)
MPRegen  0.15/turn              (no ring)
                                (no ring)
                                (no ring)

@: lethally poisoned (0 -> -7)
A: almost no armour, stealthy swim, amphibious, 8 rings, constrict 8, camouflage
1, gelatinous body 1
a: Renounce Religion


You were on level 4 of the Dungeon.
You worshipped Makhleb.
Makhleb was noncommittal.
You visited 1 branch of the dungeon, and saw 5 of its levels.

You collected 196 gold pieces.

Inventory:

Missiles
 i - 10 poisoned darts (quivered)
Jewellery
 h - a ring of magical power (left tentacle)
 l - an amulet of guardian spirit (around mantle)
Wands
 e - a wand of digging (1)
Scrolls
 a - 2 scrolls of fog
 b - 6 scrolls of identify {unknown}
 c - a scroll of fear
 f - 4 scrolls of remove curse {unknown}
 g - a scroll of magic mapping
 j - 3 scrolls of teleportation {unknown}
 k - a scroll of enchant armour {unknown}
 o - 2 scrolls of enchant weapon {unknown}
Potions
 d - 2 potions of degeneration


   Skills:
 * Level 5.4 Fighting
 - Level 2.0 Dodging
 - Level 6.6 Stealth
 * Level 6.4 Unarmed Combat


You had 6 spell levels left.
You didn't know any spells.
Your spell library was empty.

Dungeon Overview and Level Annotations

Branches:
Dungeon (5/15)
 Temple: D:4-7

Altars:
Cheibriados
Elyvilon
Makhleb


Innate Abilities, Weirdness & Mutations

You cannot wear most types of armour.
You are very stealthy in the water. (Stealth+)
You are amphibious.
You can wear up to eight rings at the same time.
You can use your tentacles to constrict eight enemies at once.
Your skin changes colour to match your surroundings (Stealth+).
Your rubbery body absorbs attacks. (AC +1, EV +1)


Message History

* * * LOW HITPOINT WARNING * * *
You feel sick.
Found an escape hatch in the floor.
* * * LOW HITPOINT WARNING * * *
You feel sick.
Found 8 gold pieces.
* * * LOW HITPOINT WARNING * * *
You feel sick.
* * * LOW HITPOINT WARNING * * *
You feel sick.
* * * LOW HITPOINT WARNING * * *
You feel sick.
* * * LOW HITPOINT WARNING * * *
You feel sick.
Found a scroll labelled VEOKAR RORROW.
* * * LOW HITPOINT WARNING * * *
You feel sick.
* * * LOW HITPOINT WARNING * * *
You feel sick.
You die...

#..........#........#
............#.......#
...........##.......
#..##.....# ..##...
#...##..### .## .
#........# .. .##)
#....[..## . .....<.
####...>#.#. ......
#@....... ##[...#
#............ .##..##
#....#.##.....
..#...# #....###
#.... ...(.# #..##.
#... ....### ##. #.
.. ..(...######. ..
............. ..
........#....


There were no monsters in sight!

Vanquished Creatures
  Grinder (D:4)
  Menkaure (D:4)
  A scorpion (D:2)
  2 hounds
  Jessica (D:3)
  Ijyb (D:4)
  3 gnolls (D:2)
  2 adders
  An ooze (D:1)
  An adder zombie (D:5)
  An adder skeleton (D:4)
  A worm (D:3)
  A leopard gecko (D:1)
  4 orcs
  5 bats
  5 giant cockroaches
  7 goblins
  6 hobgoblins
  2 jackals (D:3)
  3 frilled lizards
  4 kobolds
  4 rats
57 creatures vanquished.

Notes
Turn   | Place    | Note
-------+----------+-------------------------------------------
     0 | D:5      | dickylongcocking the Octopode Delver began the quest for
                  | the Orb.
     0 | D:5      | Reached XP level 1. HP: 16/16 MP: 1/1
    35 | D:5      | Noticed a hound
    41 | D:5      | Killed a hound
    42 | D:5      | Reached XP level 2. HP: 6/21 MP: 2/2
    42 | D:5      | Reached XP level 3. HP: 8/26 MP: 3/3
   464 | D:5      | Noticed an ice beast
   595 | D:4      | Noticed Grinder
  1378 | D:1      | Reached XP level 4. HP: 31/31 MP: 4/4
  2160 | D:2      | Found a burning altar of Makhleb.
  2164 | D:2      | Became a worshipper of Makhleb the Destroyer
  2289 | D:2      | Reached skill level 5 in Unarmed Combat
  2289 | D:2      | Reached XP level 5. HP: 37/37 MP: 5/5
  2355 | D:2      | Found a white marble altar of Elyvilon.
  2988 | D:3      | Noticed Jessica
  2994 | D:3      | Killed Jessica
  2995 | D:3      | Reached XP level 6. HP: 43/43 MP: 6/6
  3851 | D:4      | Paralysed by Grinder for 5 turns
  3866 | D:4      | Killed Grinder
  4002 | D:4      | Noticed Menkaure
  4011 | D:4      | Killed Menkaure
  4012 | D:4      | Reached skill level 5 in Fighting
  4012 | D:4      | Reached XP level 7. HP: 50/50 MP: 7/7
  4413 | D:4      | Noticed Ijyb
  4414 | D:4      | Found a snail-covered altar of Cheibriados.
  4418 | D:4      | Paralysed by Ijyb for 4 turns
  4426 | D:4      | Killed Ijyb
  4438 | D:4      | HP: 2/50 [poisoned by an adder]
  4441 | D:4      | Succumbed to an adder's poison

Illustrated notes

Levels and vault maps discovered:
D:1:      lightli_arrival_chessboard, layout_basic, corexii_corridor_pit,
          chequers_serial_rivers_micro_e
D:2:      layout_loops_cross, elyvilon_altar_4, makhleb_heckhound_becter
D:3:      layout_loops_corners, uniq_jessica
D:4:      layout_cave_pools, cheibriados_altar_1, uniq_edmund, uniq_grinder,
          uniq_menkaure, uniq_ijyb, uniq_blork_the_orc
D:5:      layout_basic, grunt_temple_overflow_open,
          minmay_temple_entry_offerings, serial_shops, shop

Skill      XL: |  1  2  3  4  5  6 |
---------------+-------------------+-----
Unarmed Combat | 3 4 5 6 |  6.4
Fighting       | 4 5 |  5.4
Dodging        | |  2.0
Stealth        | |  6.6

Action                   |  1- 3 |  4- 6 |  7- 9 || total
-------------------------+-------+-------+-------++-------
Melee: Unarmed           |    37 |    72 |    24 ||   133
       Constrict         |    10 |    16 |     4 ||    30
       Tentacles         |     5 |    17 |     6 ||    28
       Punch             |     1 |     2 |     1 ||     4
Evoke: Wand              |     2 |       |       ||     2
  Use: Potion            |     2 |     6 |     1 ||     9
       Scroll            |     1 |       |     1 ||     2
 Stab: Sleeping          |    10 |    13 |     2 ||    25
Armor: Skin              |     2 |     2 |     1 ||     5
Dodge: Dodged            |    17 |    39 |    14 ||    70

Table legend: (Time is in decaauts)
 A = Elapsed time spent in this place.
 B = Non-inter-level travel time spent in this place.
 C = Inter-level travel time spent in this place.
 D = Time resting spent in this place.
 E = Time spent auto-exploring this place.
 F = Levels seen in this place.
 G = Mean time per level.
                   A        B        C        D        E       F      G
               +--------+--------+--------+--------+--------+-----+--------+
         Total |   4419 |   4304 |    115 |   1234 |   2517 |   5 |  883.8 |
       Dungeon |   4419 |   4304 |    115 |   1234 |   2517 |   5 |  883.8 |
               +--------+--------+--------+--------+--------+-----+--------+

Top non-repeatable levels by time:
     D:3: 1288 daAuts
     D:2: 1230 daAuts
     D:1: 1016 daAuts
     D:5: 492 daAuts
     D:4: 390 daAuts
